 Dungeon Crawl Stone Soup version 0.25-a0-21-ga5a8db46c7 (webtiles) character file.

Game seed: 16510937076248684701, levelgen mode: deterministic

30579 Froggeryz the Unseen (level 13, -1/84 HPs)
             Began as a Kobold Chaos Knight on Oct 16, 2019.
             Was a Plaything of Xom.
             Killed from afar by a manticore (14 damage)
             ... with a volley of spikes
             ... on level 6 of the Lair of Beasts.
             The game lasted 01:00:49 (17545 turns).

Froggeryz the Unseen (Kobold Chaos Knight)         Turns: 17545, Time: 01:00:49

Health: -1/84      AC: 10    Str:  8    XL:     13   Next: 89%
Magic:  20/20      EV: 29    Int: 15    God:    Xom [......]
Gold:   1158       SH:  0    Dex: 17    Spells: 18/18 levels left

rFire    . . .     SeeInvis +   O - +1 dagger (venom)
rCold    + . .     Gourm    .   (shield restricted)
rNeg     . . .     Faith    .   E - +2 robe {rC+}
rPois    .         Spirit   .   a - +2 hat
rElec    .         Reflect  .   J - +0 cloak
rCorr    .         Harm     .   (no gloves)
MR       .....                  v - +0 pair of boots
Stlth    +++++++...             M - amulet of regeneration
HPRegen  0.64/turn              S - ring of see invisible
MPRegen  0.17/turn              V - +4 ring of evasion

@: barbed spikes
A: small, repulsion field 1, thin skeletal structure 1, yellow scales 1,
carnivore, clumsy 1, weak 1
a: Renounce Religion


You were on level 6 of the Lair of Beasts.
You worshipped Xom.
You were a very special plaything of Xom.
You were very full.

You visited 2 branches of the dungeon, and saw 16 of its levels.

You collected 1158 gold pieces.

Inventory:

Hand Weapons
 p - a +0 quarterstaff of freezing
 x - a +0 hunting sling of velocity
 B - a +4 scimitar of flaming
 O - a +1 dagger of venom (weapon)
 P - a +2 dagger of chaos
Missiles
 g - 9 atropa-tipped darts
 i - 181 sling bullets
 A - 40 poisoned darts (quivered)
Armour
 a - a +2 hat (worn)
 b - a +3 leather armour
 v - a +0 pair of boots (worn)
 E - a +2 robe of cold resistance (worn)
 J - a +0 cloak (worn)
Jewellery
 l - an uncursed ring of ice
 r - an uncursed ring of protection from fire
 y - a +4 ring of strength
 C - an uncursed ring of wizardry
 H - an uncursed ring of resist corrosion
 L - the amulet "Kuj Jite" {Acrobat Dex+4}
   (You found it on level 6 of the Dungeon)

   [amulet of the acrobat]

   It helps you evade while moving and waiting.
   It affects your dexterity (+4).
 M - an amulet of regeneration (around neck)
 N - an uncursed ring of protection from cold {unknown}
 S - a ring of see invisible (left hand)
 V - a +4 ring of evasion (right hand)
Wands
 o - a wand of scattershot (3)
 u - a wand of iceblast (23)
 G - a wand of paralysis (16)
 R - a wand of flame (18)
Scrolls
 d - 8 scrolls of teleportation
 f - a scroll of magic mapping
 h - 7 scrolls of identify
 k - 6 scrolls of remove curse
 m - a scroll of amnesia
 t - a scroll of immolation
 F - 2 scrolls of enchant weapon {unknown}
 T - a scroll of enchant armour
 W - 2 scrolls of fog
Potions
 e - 3 potions of lignification
 j - 4 potions of mutation
 n - 5 potions of agility
 q - 2 potions of brilliance
 s - 3 potions of flight
 w - 2 potions of curing
 z - a potion of magic
 D - 2 potions of resistance
 I - a potion of heal wounds
 K - a potion of haste
 Q - a potion of cancellation
 U - a potion of might {unknown}
Comestibles
 c - 33 rations
 X - 2 chunks of flesh


   Skills:
 - Level 11.1 Fighting
 * Level 14.2 Short Blades
 - Level 0.7 Armour
 - Level 11.0 Dodging
 - Level 16.0 Stealth
 + Level 3.2 Spellcasting
 - Level 10.0 Evocations


You had 18 spell levels left.
You didn't know any spells.
Your spell library contained the following spells:

 Spells                   Type           Power        Failure   Level  Hunger
 Beastly Appendage        Tmut           #.....       21%         1    #......
 Corona                   Hex            #......      21%         1    #......
 Slow                     Hex            #.......     30%         2    ##.....
 Sticks to Snakes         Tmut           #.......     30%         2    ##.....
 Inner Flame              Hex/Fire       #.......     52%         3    ###....
 Portal Projectile        Hex/Tloc       #.....       52%         3    ###....
 Spider Form              Tmut/Pois      #.........   52%         3    ###....
 Cause Fear               Hex            #.........   89%         4    #####..
 Ice Form                 Ice/Tmut       #.......     89%         4    #####..
 Leda's Liquefaction      Hex/Erth       #.........   89%         4    #####..
 Blade Hands              Tmut           #.........   99%         5    ######.


Dungeon Overview and Level Annotations

Branches:
Dungeon (10/15)            Temple (0/1) D:4            Lair (6/6) D:9
 Shoals (0/4) Lair:2        Snake (0/4) Lair:4        Slime (0/5) Lair:5
    Orc: D:9-12

Altars:
Dithmenos
Elyvilon
Kikubaaqudgha
Nemelex Xobeh
Qazlal
Ru
Sif Muna
Trog
Vehumet
Wu Jian
Xom
Zin
The Shining One

Shops:
D:7 [

Annotations:
D:4 3 runed translucent doors, an12's ghost, amateur GrGl
D:6 2 runed translucent doors, Gynju's ghost, amateur DEFE


Innate Abilities, Weirdness & Mutations

You are small and have problems with some larger weapons.
You are carnivorous and can eat meat at any time.
You are surrounded by a mild repulsion field. (EV +2)
You have a somewhat thin skeletal structure. (Dex +2, Stealth)
You are partially covered in yellow scales. (AC +2)
You are clumsy. (Dex -2)
You are weak. (Str -2)


Message History

The hippogriff is almost dead.
You hit the hippogriff.
You kill the hippogriff!
The manticore bites the fungus!!
The manticore claws the fungus!
The manticore claws the fungus.
You see here a hippogriff corpse.
Evoke which item? (* to show all) (? for menu, Esc to quit)
Aiming: Paralyse
Press: ? - help, Shift-Dir - straight line, f - manticore
Aim: a manticore (fast, chance to defeat MR: 55%)
The manticore resists with significant effort.
The manticore flicks its tail.
The volley of spikes hits you!
The barbed spikes become lodged in your body.
* * * LOW HITPOINT WARNING * * *
The manticore flicks its tail.
The volley of spikes hits you!
The barbed spikes become lodged in your body.
You die...
Xom titters!

. ### ## ...
##.###.#.<..
#..@#.......
.....#####
#...†.......
.........##
#........)#P
.PP...≈...#
##......###
.....≈....#
##.....#
.≈.≈≈≈≈≈≈.##
..P.H##
..≈≈≈≈≈≈≈≈.#.
#%##...#
.≈≈≈≈≈≈≈≈≈... ..
#%.#
≈≈≈≈..≈≈≈≈.....#
..P


You could see a manticore.

Vanquished Creatures
  Fannar (Lair:1)
  5 hydras
  Erica (D:9)
  Urug (Lair:1)
  An unseen horror (D:9)
  Maurice (D:8)
  3 black mambas
  Psyche (D:9)
  3 torpor snails
  8 spiny frogs
  7 komodo dragons
  3 rime drakes
  A polar bear (Lair:3)
  Grinder (D:6)
  9 blink frogs
  6 hippogriffs
  2 dream sheep (D:9)
  3 porcupines
  A shapeshifter (Lair:1)
  2 fire bats (Lair:5)
  3 basilisks
  30 yaks
  2 hungry ghosts
  An acid dragon (D:9)
  A swamp worm (shapeshifter) (Lair:5)
  2 wargs (D:9)
  9 water moccasins
  An orc warrior (D:9)
  A black bear (D:8)
  A sky beast (Lair:4)
  6 phantoms
  4 ogres
  3 wolves (Lair:1)
  A tengu (Lair:1)
  A centaur (D:9)
  6 crocodiles
  5 big kobolds
  12 bullfrogs
  2 scorpions
  A water moccasin skeleton (D:7)
  3 killer bees (D:8)
  3 wights (D:8)
  11 howler monkeys
  2 electric eels
  A lava snake (Lair:5)
  2 crimson imps
  A centaur zombie (D:8)
  2 orc wizards
  2 orc priests (D:3)
  4 hounds
  4 jellies
  Crazy Yiuf (D:5)
  A bullfrog skeleton (D:9)
  2 iguanas
  Natasha (thrice) (D:3)
  7 worker ants
  A hound skeleton (D:7)
  A worker ant zombie (D:9)
  Robin (D:3)
  12 adders
  4 gnolls (D:8)
  A shadow imp (D:7)
  8 oozes
  4 adder skeletons
  2 adder zombies
  2 worms
  A dart slug (D:2)
  A leopard gecko (D:4)
  34 orcs
  4 giant cockroaches
  15 hobgoblins
  2 jackals (D:5)
  4 quokkas
  4 ball pythons
  6 bats
  9 frilled lizards
  A giant cockroach zombie (D:6)
  21 goblins
  13 kobolds
  A leopard gecko skeleton (D:4)
  5 rats
358 creatures vanquished.

Vanquished Creatures (collateral kills)
  Gastronok (Lair:1)
  A spiny frog (Lair:1)
  2 yaks
  Menkaure (D:5)
  Blork the orc (D:5)
  A bullfrog (Lair:1)
  A crimson imp (D:9)
  A bullfrog skeleton (D:5)
  An orc wizard (D:5)
  An iguana (D:5)
  A worker ant (D:5)
  A hound zombie (D:5)
  2 adders (D:5)
  A leopard gecko (D:5)
  6 orcs (D:5)
  2 jackals (D:5)
  A quokka (D:5)
  A frilled lizard (D:5)
26 creatures vanquished.

Vanquished Creatures (others)
  8 yaks
  A crocodile (Lair:1)
  3 orcs
  2 bushes (Lair:4)
  A butterfly (Lair:5)
  10 fungi
  11 plants
36 creatures vanquished.

Grand Total: 420 creatures vanquished

Notes
Turn   | Place    | Note
-------+----------+-------------------------------------------
     0 | D:1      | Froggeryz the Kobold Chaos Knight began the quest for the
                  | Orb.
     0 | D:1      | Reached XP level 1. HP: 14/14 MP: 1/1
   287 | D:1      | Reached XP level 2. HP: 19/19 MP: 2/2
   398 | D:1      | Reached skill level 5 in Short Blades
   486 | D:1      | Reached XP level 3. HP: 11/23 MP: 3/3
  1118 | D:2      | Reached XP level 4. HP: 26/28 MP: 4/4
  1519 | D:3      | Noticed Natasha
  1521 | D:3      | XOM: noise
  1524 | D:3      | Killed Natasha
  1524 | D:3      | Reached XP level 5. HP: 26/32 MP: 5/5
  1649 | D:3      | XOM: divination: detect creatures
  1764 | D:3      | Noticed Natasha
  1767 | D:3      | Killed Natasha
  1767 | D:3      | Reached XP level 6. HP: 30/37 MP: 6/6
  1784 | D:3      | XOM: summons 3 hostile shadow creatures
  1850 | D:3      | Noticed Natasha
  1858 | D:3      | Killed Natasha
  1942 | D:3      | Noticed Robin
  1990 | D:3      | XOM: repel stairs
  1993 | D:3      | Killed Robin
  1993 | D:3      | XOM: scenery: 1 doors open, 1 doors close
  2255 | D:3      | XOM: noise
  2339 | D:3      | XOM: noise
  2403 | D:3      | Found a bloodstained altar of Trog.
  2698 | D:4      | Found a staircase to the Ecumenical Temple.
  2923 | D:4      | Found a bloodstained altar of Trog.
  2935 | D:4      | Noticed an ogre
  2945 | D:4      | XOM: medium Pois miscast
  2947 | D:4      | Killed an ogre
  2947 | D:4      | Reached XP level 7. HP: 7/41 MP: 7/7
  2957 | D:4      | XOM: stat loss: -1 Str (13/14)
  3172 | D:4      | XOM: give mutations
  3172 | D:4      | Gained mutation: You are surrounded by a mild repulsion
                  | field. (EV +2) [Xom's grace]
  3172 | D:4      | Gained mutation: You have sharp toenails. [Xom's grace]
  3172 | D:4      | Gained mutation: You are surrounded by a moderate repulsion
                  | field. (EV +3) [Xom's grace]
  3215 | D:4      | Found an ornate altar of the Wu Jian Council.
  3507 | D:4      | Found a runed translucent gate.
  3507 | D:4      | Found a runed translucent gate.
  3507 | D:4      | Found a runed translucent gate.
  3507 | D:4      | Noticed an12's ghost (amateur GrGl)
  3508 | D:4      | Identified the cursed +1 whip "Anuagiti" {venom, rElec
                  | rPois}
  3587 | D:4      | Found a glowing golden altar of the Shining One.
  3587 | D:4      | Found a glowing silver altar of Zin.
  3587 | D:4      | Found a white marble altar of Elyvilon.
  3731 | D:5      | Entered Level 5 of the Dungeon
  3812 | D:5      | Noticed Blork the orc
  3814 | D:5      | XOM: cast spell 'Summon Dragon'
  3821 | D:5      | Killed Blork the orc
  3821 | D:5      | Reached skill level 5 in Dodging
  3846 | D:5      | Found a stormy altar of Qazlal.
  3846 | D:5      | Found a shimmering altar of Xom.
  3846 | D:5      | Found an ancient bone altar of Kikubaaqudgha.
  3930 | D:5      | Noticed Menkaure
  3935 | D:5      | XOM: summons friendly white imp
  3938 | D:5      | XOM: butterfly on damage
  3941 | D:5      | Reached skill level 10 in Short Blades
  3945 | D:5      | Killed Menkaure
  3945 | D:5      | Reached XP level 8. HP: 14/46 MP: 8/8
  4207 | D:5      | XOM: noise
  4221 | D:5      | Found a runed translucent door.
  4222 | D:5      | Noticed Crazy Yiuf
  4363 | D:5      | Found a shimmering blue altar of Sif Muna.
  4364 | D:5      | Found a radiant altar of Vehumet.
  4391 | D:5      | Found a shadowy altar of Dithmenos.
  4433 | D:5      | XOM: divination: detect creatures
  4566 | D:5      | Killed Crazy Yiuf
  4581 | D:5      | XOM: smoke on damage
  4642 | D:6      | XOM: noise
  4752 | D:5      | XOM: summons 4 hostile demons
  4805 | D:6      | XOM: mild Pois miscast
  4875 | D:6      | XOM: harmless Summ miscast
  4914 | D:6      | XOM: 3-stop teleportation journey
  4921 | D:6      | Found a runed translucent door.
  4921 | D:6      | Noticed Gynju's ghost (amateur DEFE)
  4933 | D:6      | XOM: butterfly on damage
  5213 | D:5      | XOM: mild Pois miscast
  5247 | D:6      | XOM: harmless Necr miscast
  5380 | D:6      | XOM: harmless Tmut miscast
  5415 | D:6      | Noticed Grinder
  5421 | D:6      | Reached XP level 9. HP: 51/51 MP: 9/9
  5427 | D:6      | XOM: summons 4 hostile demons
  5446 | D:6      | Killed Grinder
  5484 | D:6      | XOM: harmless Necr miscast
  5540 | D:6      | Got a bound tin amulet
  5542 | D:6      | Found a runed translucent door.
  5543 | D:6      | Identified the amulet "Kuj Jite" {Acrobat Dex+4} (You found
                  | it on level 6 of the Dungeon)
  5819 | D:7      | XOM: confuse monster(s)
  5839 | D:7      | Found a sparkling altar of Nemelex Xobeh.
  5870 | D:7      | Found a sacrificial altar of Ru.
  5870 | D:7      | XOM: 1-stop teleportation journey
  5875 | D:7      | Reached skill level 1 in Stealth
  5948 | D:7      | XOM: summons friendly crimson imp
  5953 | D:7      | Reached skill level 2 in Stealth
  5966 | D:7      | XOM: 1-stop teleportation journey
  5982 | D:7      | XOM: give mutations
  5982 | D:7      | Gained mutation: You have an increased reservoir of magic.
                  | (+10% MP) [Xom's mischief]
  5982 | D:7      | Lost mutation: You have sharp toenails. [Xom's mischief]
  5994 | D:7      | XOM: harmless Tloc miscast
  6014 | D:7      | Reached skill level 3 in Stealth
  6019 | D:7      | Reached skill level 4 in Stealth
  6136 | D:7      | Reached skill level 5 in Fighting
  6281 | D:7      | Reached skill level 5 in Stealth
  6353 | D:7      | Found Pirch's Antique Armour Boutique.
  6356 | D:7      | XOM: potion effect (might)
  6370 | D:7      | XOM: potion effect (might)
  6371 | D:7      | XOM: silly message
  6374 | D:7      | Reached skill level 6 in Stealth
  6602 | D:7      | XOM: harmless Ice miscast
  6726 | D:8      | XOM: chaos cloud
  6742 | D:8      | XOM: summons 4 hostile demons
  6752 | D:8      | XOM: chaos cloud
  6786 | D:8      | XOM: blink monster(s)
  6790 | D:8      | Reached XP level 10. HP: 58/60 MP: 11/11
  6790 | D:8      | Paralysed by you for 7 turns
  6801 | D:8      | Reached skill level 7 in Stealth
  6816 | D:8      | XOM: give mutations
  6816 | D:8      | Gained mutation: Your body sometimes deteriorates upon
                  | taking damage. [Xom's mischief]
  6816 | D:8      | Lost mutation: Your body sometimes deteriorates upon taking
                  | damage. [Xom's mischief]
  6836 | D:8      | XOM: chaos cloud
  6969 | D:8      | XOM: blink monster(s)
  6986 | D:8      | XOM: mild Chrm miscast
  7123 | D:8      | Reached skill level 8 in Stealth
  7133 | D:8      | XOM: harmless Tmut miscast
  7233 | D:8      | XOM: 3-stop teleportation journey
  7309 | D:8      | Noticed Maurice
  7350 | D:8      | XOM: silly message
  7366 | D:8      | Killed Maurice
  7366 | D:8      | Reached skill level 9 in Stealth
  7369 | D:8      | XOM: polymorph orc wizard -> scorpion
  7518 | D:8      | XOM: swap monsters
  7524 | D:8      | Reached skill level 10 in Stealth
  7605 | D:8      | XOM: mild Necr miscast
  7893 | D:8      | XOM: stat loss: -1 Str (13/14)
  7915 | D:8      | XOM: mild Fire miscast
  7920 | D:8      | XOM: noise
  8078 | D:8      | XOM: fog
  8087 | D:8      | XOM: mild Air miscast
  8090 | D:8      | XOM: divine lightning
  8265 | D:8      | XOM: divine lightning
  8367 | D:9      | Noticed Psyche
  8380 | D:9      | XOM: summons 2 hostile shadow creatures
  8397 | D:9      | Killed Psyche
  8462 | D:9      | Reached skill level 11 in Stealth
  8510 | D:9      | XOM: harmless Tloc miscast
  8512 | D:9      | XOM: noise
  8525 | D:9      | XOM: polymorph orc wizard -> steam dragon
  8526 | D:9      | XOM: confusion
  8533 | D:9      | XOM: polymorph steam dragon -> acid dragon
  8538 | D:9      | XOM: mild Conj miscast
  8542 | D:9      | XOM: smoke on damage
  8653 | D:9      | XOM: enchant monster (bad)
  8654 | D:9      | XOM: mild Chrm miscast
  8656 | D:9      | XOM: mild Summ miscast
  8770 | D:9      | XOM: harmless Hex miscast
  8772 | D:9      | XOM: 1-stop teleportation journey
  8784 | D:9      | XOM: polymorph orc -> adder
  8792 | D:9      | XOM: enchant monster (good)
  8799 | D:9      | XOM: 1-stop teleportation journey
  8890 | D:9      | XOM: mild Tloc miscast
  8941 | D:9      | Reached skill level 12 in Stealth
  8941 | D:9      | Reached XP level 11. HP: 28/68 MP: 12/12
  8999 | D:9      | XOM: give mutation
  8999 | D:9      | Lost mutation: You have an increased reservoir of magic.
                  | (+10% MP) [Xom's mischief]
  9007 | D:9      | Lost mutation: You are surrounded by a moderate repulsion
                  | field. (EV +3) [potion of mutation]
  9007 | D:9      | Gained mutation: You are clumsy. (Dex -2) [potion of
                  | mutation]
  9007 | D:9      | Gained mutation: You have a somewhat thin skeletal
                  | structure. (Dex +2, Stealth) [potion of mutation]
  9007 | D:9      | Gained mutation: You are partially covered in yellow
                  | scales. (AC +2) [potion of mutation]
  9035 | D:9      | Found a staircase to the Lair.
  9085 | D:9      | Noticed Erica
  9092 | D:9      | Killed Erica
  9118 | D:9      | XOM: confusion
  9123 | D:9      | XOM: enchant monster (bad)
  9124 | D:9      | XOM: medium Ice miscast
  9127 | D:9      | Reached skill level 13 in Stealth
  9142 | D:9      | XOM: chaos cloud
  9148 | D:10     | Entered Level 10 of the Dungeon
  9153 | D:10     | XOM: confusion
  9271 | D:9      | XOM: polymorph yak -> something unseen
  9300 | D:9      | Killed an unseen horror
  9381 | D:9      | XOM: medium Conj miscast
  9382 | D:9      | Noticed a two-headed hydra
  9385 | D:9      | Killed a two-headed hydra
  9385 | D:9      | Reached skill level 14 in Stealth
  9511 | D:9      | XOM: give mutations
  9511 | D:9      | Gained mutation: You are frail. (-10% HP) [Xom's mischief]
  9511 | D:9      | Gained mutation: You are weak. (Str -2) [Xom's mischief]
  9511 | D:9      | Lost mutation: You are frail. (-10% HP) [Xom's mischief]
  9531 | D:9      | XOM: medium Fire miscast
  9538 | D:9      | XOM: silly message
  9817 | Lair:1   | Entered Level 1 of the Lair of Beasts
  9856 | Lair:1   | XOM: medium Air miscast
  9857 | Lair:1   | XOM: harmless Chrm miscast
  9860 | Lair:1   | XOM: medium Necr miscast
  9965 | D:9      | XOM: harmless Pois miscast
 10062 | D:9      | XOM: mild Summ miscast
 10091 | Lair:1   | Noticed Gastronok
 10195 | Lair:1   | XOM: enchant monster (good)
 10196 | Lair:1   | XOM: cast spell 'Summon Mana Viper'
 10202 | Lair:1   | Killed Gastronok
 10230 | Lair:1   | Reached skill level 15 in Stealth
 10233 | D:9      | HP: 1/72 [crocodile (17)]
 10235 | D:9      | XOM: summons 3 friendly demons
 10409 | Lair:1   | XOM: mild Erth miscast
 10413 | Lair:1   | XOM: summons 5 friendly demons
 10427 | Lair:1   | XOM: noise
 10435 | Lair:1   | Noticed Fannar
 10447 | Lair:1   | XOM: confuse monster(s)
 10454 | Lair:1   | Killed Fannar
 10454 | Lair:1   | Reached skill level 10 in Fighting
 10454 | Lair:1   | Reached XP level 12. HP: 67/77 MP: 12/12
 10479 | Lair:1   | XOM: enchant monster (good)
 10674 | Lair:1   | XOM: harmless Tloc miscast
 10825 | Lair:1   | XOM: confuse monster(s)
 10850 | D:9      | XOM: harmless Air miscast
 10871 | D:9      | Reached skill level 16 in Stealth
 10916 | Lair:1   | XOM: confuse monster(s)
 10926 | Lair:1   | XOM: enchant monster (good)
 11031 | Lair:1   | XOM: cloud trail
 11032 | Lair:1   | Noticed an eight-headed hydra
 11039 | Lair:1   | Killed an eight-headed hydra
 11285 | Lair:1   | XOM: potion effect (haste)
 11398 | Lair:1   | XOM: divination: detect items
 11463 | Lair:1   | Noticed an eight-headed hydra
 11474 | Lair:1   | XOM: harmless Summ miscast
 11475 | Lair:1   | Killed an eight-headed hydra
 11508 | Lair:1   | Noticed Urug
 11515 | Lair:1   | Killed Urug
 11694 | Lair:2   | Noticed a seven-headed hydra
 11703 | Lair:2   | Killed a five-headed hydra
 11801 | Lair:1   | XOM: harmless Chrm miscast
 11871 | Lair:2   | Noticed an eight-headed hydra
 11874 | Lair:1   | XOM: potion effect (agility)
 11892 | Lair:1   | XOM: noise
 11899 | Lair:1   | XOM: confuse monster(s)
 11901 | Lair:1   | Reached skill level 5 in Evocations
 11987 | Lair:1   | Reached skill level 10 in Dodging
 12086 | Lair:2   | XOM: harmless Fire miscast
 12234 | Lair:2   | XOM: divination: detect items
 12405 | Lair:2   | XOM: harmless Tloc miscast
 12514 | Lair:2   | XOM: scenery: create altars
 12646 | Lair:1   | XOM: smoke on damage
 12652 | Lair:1   | Reached XP level 13. HP: 46/84 MP: 17/17
 12762 | Lair:1   | XOM: enchant monster (good)
 12763 | Lair:1   | XOM: enchant monster (good)
 12793 | Lair:1   | XOM: summons 2 friendly demons
 12808 | Lair:1   | XOM: enchant monster (good)
 12850 | Lair:2   | XOM: polymorph blink frog -> basilisk
 12859 | Lair:2   | XOM: cast spell 'Summon Small Mammal'
 13060 | Lair:2   | XOM: summons friendly ufetubus
 13064 | Lair:2   | XOM: summons friendly shadow imp
 13075 | Lair:1   | XOM: butterfly on damage
 13092 | Lair:1   | XOM: confuse monster(s)
 13208 | Lair:1   | XOM: potion effect (invisibility)
 13209 | Lair:1   | XOM: polymorph yak -> shapeshifter
 13246 | Lair:2   | XOM: enchant monster (good)
 13254 | Lair:2   | Killed an eight-headed hydra
 13635 | Lair:2   | Found a staircase to the Shoals.
 14091 | Lair:3   | XOM: cloud trail
 14683 | Lair:4   | XOM: polymorph adder -> orc
 14704 | Lair:3   | XOM: harmless Chrm miscast
 14771 | Lair:4   | XOM: divination: detect items
 14849 | Lair:4   | XOM: potion effect (might)
 14908 | Lair:4   | XOM: silly message
 14912 | Lair:4   | XOM: potion effect (haste)
 14966 | Lair:4   | XOM: divination: detect creatures
 15123 | Lair:4   | XOM: harmless Conj miscast
 15154 | Lair:4   | XOM: harmless Fire miscast
 15156 | Lair:4   | XOM: potion effect (agility)
 15160 | Lair:4   | Reached skill level 10 in Evocations
 15176 | Lair:4   | XOM: enchant monster (good)
 15193 | Lair:4   | Reached skill level 1 in Spellcasting
 15200 | Lair:4   | XOM: cleaving
 15207 | Lair:4   | XOM: destruction
 15211 | Lair:4   | XOM: potion effect (haste)
 15338 | Lair:4   | XOM: butterfly on damage
 15343 | Lair:4   | XOM: god gift: wand of iceblast (7)
 15555 | Lair:4   | XOM: scenery: create altars
 15620 | Lair:4   | Found a staircase to the Snake Pit.
 15637 | Lair:4   | XOM: potion effect (agility)
 15639 | Lair:4   | XOM: polymorph water moccasin -> sky beast
 15650 | Lair:4   | XOM: cleaving
 15665 | Lair:4   | XOM: confuse monster(s)
 16357 | Lair:5   | Found a staircase to the Slime Pits.
 16381 | Lair:5   | XOM: polymorph komodo dragon -> glowing shapeshifter
 16809 | Lair:5   | XOM: enchant monster (good)
 16834 | Lair:5   | XOM: divination: magic mapping
 16986 | Lair:5   | XOM: medium Fire miscast
 17257 | Lair:5   | XOM: summons 1 hostile demon
 17409 | Lair:6   | Entered Level 6 of the Lair of Beasts
 17431 | Lair:5   | XOM: repel stairs
 17492 | Lair:5   | XOM: god gift: ration
 17506 | Lair:6   | XOM: enchant monster (bad)
 17509 | Lair:6   | Noticed a four-headed hydra
 17510 | Lair:6   | Noticed a merfolk avatar
 17545 | Lair:6   | Killed from afar by a manticore

Levels and vault maps discovered:
D:1:      minmay_arrival_semitransparent, layout_loops_cross
D:2:      layout_rooms
D:3:      layout_basic, minivault_26, trog_hazing_becter, uniq_robin,
          uniq_natasha
D:4:      layout_gridville, good_gods_mini_temple, old_standard_altar,
          minmay_temple_entry_large_hall, first_ration,
          gammafunk_ghost_nasty_kobolds, kennysheep_flooded_box
D:5:      layout_rooms, lemuel_crystal_altar, gammafunk_temple_overflow_claw,
          gammafunk_temple_overflow_statue, uniq_menkaure, uniq_blork_the_orc,
          uniq_crazy_yiuf_cottage
D:6:      layout_basic, ebering_ghost_sewer_f, uniq_grinder
D:7:      layout_rooms, nemelex_xobeh_ov_fountains_minmay,
          nicolae_ru_great_annihilating_truth, serial_shops,
          kennysheep_little_box
D:8:      layout_basic, uniq_maurice
D:9:      layout_roguey, erik_lair_orcish_takeover, hangedman_ranch
          [blue_anna_fruit_fields], uniq_erica, uniq_psyche
D:10:     layout_roguey, ebering_ghost_rock_garden, uniq_harold, uniq_josephine
Lair:1:   wander_river, layout_cave_pods, fungi_pond_lemuel,
          beast_lair_carwin_6, uniq_urug, uniq_fannar, uniq_gastronok
Lair:2:   layout_small_grid, shoals_dummy_entry
Lair:3:   layout_hall_layers, serial_bayou_shore_a
Lair:4:   layout_regular_city, minmay_snake_entry_six_corridors,
          serial_bayou_shore_b
Lair:5:   layout_gridlike, nicolae_slime_entry_slimehenge, lemuel_fruit_fields
Lair:6:   gammafunk_lair_ancient_temple, layout_layer_cave,
          gauntlet_entry_generic, minivault_29, infiniplex_staircase_pool_2

Skill      XL: |  1  2  3  4  5  6  7  8  9 10 11 12 13 |
---------------+----------------------------------------+-----
Short Blades   | 5 6 7 9 10 11 12 14 | 14.2
Dodging        | 3 4 5 6 8 10 11 | 11.0
Fighting       | 5 8 10 11 | 11.1
Stealth        | 6 12 15 16 | 16.0
Evocations     | 6 10 | 10.0
Spellcasting   | 3 |  3.2
Armour         | |  0.7

Action                   |  1- 3 |  4- 6 |  7- 9 | 10-12 | 13-15 || total
-------------------------+-------+-------+-------+-------+-------++-------
Melee: Short sword       |   117 |   223 |   509 |   130 |       ||   979
       Falchion          |       |       |    10 |       |       ||    10
       Dagger            |       |       |       |   930 |   790 ||  1720
       Quarterstaff      |       |       |       |     6 |       ||     6
       Scimitar          |       |       |       |     2 |       ||     2
 Fire: Hunting sling     |       |       |     4 |       |       ||     4
Throw: Dart              |       |     2 |     3 |       |       ||     5
Evoke: Wand              |       |       |       |    20 |    10 ||    30
  Use: Potion            |       |     1 |     3 |    14 |     1 ||    19
       Scroll            |       |       |       |    12 |     8 ||    20
 Stab: Petrifying        |     2 |       |     2 |       |       ||     4
       Sleeping          |       |     1 |     4 |    14 |    11 ||    30
       Paralysed         |       |     1 |     5 |     5 |     7 ||    18
       Confused          |       |       |     5 |     5 |     1 ||    11
       Invisible         |       |       |     1 |       |     5 ||     6
       Distracted        |       |       |       |     2 |     1 ||     3
       Petrified         |       |       |       |       |     1 ||     1
  Eat: Chunk             |     8 |     4 |    17 |    27 |    16 ||    72
       Ration            |       |       |     1 |     2 |       ||     3
Armor: Leather armour    |    33 |    53 |    70 |    90 |       ||   246
       Skin              |       |       |    61 |    47 |       ||   108
       Robe              |       |       |       |    29 |    51 ||    80
Dodge: Dodged            |    85 |   172 |   292 |   709 |   523 ||  1781
       Rpst.: Falchion   |       |       |     5 |       |       ||     5

Table legend:
 A = Non-vault XP
 B = Vault XP
 C = Vault XP percentage of total XP
 D = Non-vault monster count
 E = Vault monster count
 F = Vault count percentage of total count
                 A         B        C        D         E       F
            +---------+---------+-------+---------+---------+-------
      Total |   32691 |   10994 |  25.2 |     313 |      76 |  19.5
            +---------+---------+-------+---------+---------+-------
        D:1 |      30 |       0 |   0.0 |      19 |       0 |   0.0
        D:2 |      56 |       0 |   0.0 |      21 |       0 |   0.0
        D:3 |     253 |      75 |  22.9 |      31 |      15 |  32.6
        D:4 |     383 |       7 |   1.8 |      22 |       4 |  15.4
        D:5 |     209 |     187 |  47.2 |      26 |       3 |  10.3
        D:6 |     963 |     286 |  22.9 |      14 |       1 |   6.7
        D:7 |    1321 |       7 |   0.5 |      26 |       4 |  13.3
        D:8 |    1851 |     469 |  20.2 |      28 |       1 |   3.4
        D:9 |    2450 |    4517 |  64.8 |      32 |      16 |  33.3
       D:10 |       0 |     220 | 100.0 |       0 |       1 | 100.0
     Lair:1 |    9370 |    3998 |  29.9 |      32 |      10 |  23.8
     Lair:2 |    5058 |       0 |   0.0 |      13 |       0 |   0.0
     Lair:3 |     836 |     153 |  15.5 |       4 |       1 |  20.0
     Lair:4 |    6548 |     922 |  12.3 |      26 |      12 |  31.6
     Lair:5 |    2732 |     153 |   5.3 |      16 |       8 |  33.3
     Lair:6 |     631 |       0 |   0.0 |       3 |       0 |   0.0
            +---------+---------+-------+---------+---------+-------
